Cogmind - Beta 17.1 @@@ ROGUE MODE // 2026.08.30 @ 19:52:32 Player: pickelover66 Result: Destroyed by as-17865 with Assembled Blade Performance ------------- Evolutions (0) 0 Regions Visited (2) 400 Robots Destroyed (19) 95 Value Destroyed (491) 491 Prototype IDs (2) 40 Alien Tech Used (0) 0 Bonus (0) 0 TOTAL SCORE: 1026 Bonus ------- None Cogmind --------- Core Integrity 0/250 Matter 274/300 Energy 100/100 System Corruption 1% Temperature Warm (137) Movement Core (300) Ox5 Location -10/Mines Parts ------- > --- POWER (1) -------- (None) > --- PROPULSION (2) --- (None) > --- UTILITY (2) ------ Medium Storage Unit > --- WEAPON (2) ------- Particle Gun Light Cannon > --- INVENTORY (10) --- Light Ion Engine Aluminum Leg Heat Sink Large Storage Unit Machine Analyzer EM Pulse Gun Assault Rifle Datajack Peak State ------------ > --- POWER ------------ Ion Engine > --- PROPULSION ------- Aluminum Leg Aluminum Leg > --- UTILITY ---------- Medium Storage Unit Hacking Suite > --- WEAPON ----------- Particle Gun Light Cannon > --- INVENTORY -------- Aluminum Leg Aluminum Leg Heat Sink Large Storage Unit Light Armor Plating Tractor Beam EM Pulse Gun EM Pulse Gun Assault Rifle Datajack [Rating: 11] Favorites ----------- Power Ion Engine Engine Ion Engine Propulsion Aluminum Leg Leg Aluminum Leg Utility Small Storage Unit Storage Small Storage Unit Hackware Hacking Suite Protection Light Armor Plating Weapon EM Pulse Gun Energy Gun EM Pulse Gun Ballistic Gun Assault Rifle Ballistic Cannon Light Cannon Build | -11 -10 -10 ------- Run | Yrd Mat Min Slots Evolved . | . . . Power . | . . . Propulsion . | . . . Utility . | . . . Weapon . | . . . Parts Attached 26 | 6 19 1 Power 4 | 1 3 . Engine 4 | 1 3 . Core . | . . . Reactor . | . . . Propulsion 9 | 2 7 . Treads . | . . . Leg 9 | 2 7 . Wheel . | . . . Hover . | . . . Flight . | . . . Utility 6 | 1 4 1 Device . | . . . Storage 4 | 1 3 . Processor . | . . . Hackware 1 | . 1 . Protection 1 | . . 1 Artifact . | . . . Weapon 7 | 2 5 . Energy Gun 5 | 1 4 . Energy Cannon . | . . . Ballistic Gun 1 | 1 . . Ballistic Cannon 1 | . 1 . Launcher . | . . . Special Weapon . | . . . Impact Weapon . | . . . Slashing Weapon . | . . . Piercing Weapon . | . . . Special Melee Weapon . | . . . Unidentified Prototypes . | . . . Parts Lost 6 | . 1 5 Power 2 | . 1 1 Propulsion 2 | . . 2 Utility 1 | . . 1 Weapon 1 | . . 1 Highest Loss Streak 5 | . 1 5 To Critical Strikes . | . . . Average Backups 8 | 2 8 9 Power . | . . 1 Propulsion 2 | 1 2 1 Utility 2 | . 2 3 Weapon 2 | . 2 2 Tool/Special . | . . . Unused Backups 13 | . 8 5 Power 2 | . 1 1 Propulsion 4 | . 4 . Utility 4 | . 1 3 Weapon 2 | . 2 . Tool/Special 1 | . . 1 Average Slot Usage (%) 90 | . 90 90 Engine 12 | . 12 11 Leg 27 | . 28 23 Storage 14 | . 14 14 Hackware 6 | . 6 9 Energy Gun 20 | . 20 23 Ballistic Gun 6 | . 6 . Ballistic Cannon 1 | . 1 4 Peak Build Rating 11 | 6 11 10 Average Rating 8 | 4 8 9 On Entrance 5 | . 6 10 Avg Prop Armor Cover (%) . | . . . Naked Turns . | . . . Heaviest Build 53 | 13 53 19 Greatest Support 20 | 20 20 20 Greatest Overweight (x) 2 | 1 2 . Average Overweight (x) . | . . . Largest Inventory Capacity 20 | 8 20 10 Average Capacity 9 | 7 9 10 Most Carried 10 | 6 10 10 Average Carried 8 | 2 8 9 Final Capacity 10 | 8 10 10 Final Carried 10 | 6 10 8 Class Distribution -------------------- 54% | Scavenger-Mutant 45% | Mutant Dominant Class ---------------- Scavenger-Mutant | -10/Materials Scavenger-Mutant | -10/Mines Resources | -11 -10 -10 ----------- Run | Yrd Mat Min Matter Collected 591 | 199 392 . Remotely . | . . . Salvage Created 736 | . 720 16 Parts 38 | . 38 . Haulers Intercepted 2 | . 2 . Recyclers Shooed . | . . . Parts Field Recycled . | . . . Retrieved Matter . | . . . Parts Self-Destructed . | . . . Prevented . | . . . Parts Restored . | . . . Kills | -11 -10 -10 ------- Run | Yrd Mat Min Combat Hostiles Destroyed 12 | . 10 2 Guns 9 | . 8 1 Cannons 3 | . 2 1 Classes Destroyed 8 | . 7 1 Builder 1 | . 1 . Hauler 2 | . 2 . Recycler 1 | . 1 . Mechanic 1 | . 1 . Operator 2 | . 2 . Watcher 2 | . 2 . Grunt 10 | . 10 . Assembled 2 | . . 2 Best Kill Streak 4 | . 4 2 Combat Bots Only 2 | . 2 2 Max Kills in Single Turn 2 | . 2 1 Gunslinging . | . . . Exploded . | . . . Melee . | . . . Uniques/NPCs Destroyed . | . . . Combat | -11 -10 -10 -------- Run | Yrd Mat Min Hostile Shots Fired 129 | . 55 74 Missed 41 | . 15 26 Hits 88 | . 40 48 Melee 6 | . . 6 Projectile 82 | . 40 42 Critical Strikes 2 | . . 2 Damage Taken 1275 | . 540 735 Core 273 | . 95 178 Absorbed by Shields . | . . . Core Remaining (%) 100 | 100 . . Volleys Fired 62 | . 57 5 Largest 2 | . 2 2 Hottest 95 | . 95 95 Shots Fired 124 | . 114 10 Gun 115 | . 109 6 Cannon 9 | . 5 4 Launcher . | . . . Special . | . . . Kinetic 48 | . 44 4 Thermal 48 | . 44 4 Explosive . | . . . Electromagnetic 28 | . 26 2 Robot Hit Streak 9 | . 9 2 Robot Miss Streak 3 | . 3 3 Penetration Max . | . . . Secondary Targets . | . . . Shots Hit Robots 73 | . 69 4 Core Hits 38 | . 33 5 Critical Kills . | . . . Critical Parts Destroyed 1 | . 1 . Critical Strikes 1 | . 1 . Destroy 1 | . 1 . Melee Attacks . | . . . Impact . | . . . Slashing . | . . . Piercing . | . . . Sneak Attacks . | . . . Combat Hostiles . | . . . Follow-up Attacks . | . . . Damage Inflicted 1216 | . 1109 107 Guns 885 | . 853 32 Cannons 157 | . 87 70 Explosions 136 | . 136 . Melee . | . . . Ramming 38 | . 33 5 Kinetic 475 | . 405 70 Thermal 489 | . 457 32 Explosive . | . . . Electromagnetic 214 | . 214 . Impact . | . . . Slashing . | . . . Piercing . | . . . Highest Corruption 1 | . . 1 Average Corruption 1 | . . 1 Corruption Purged . | . . . Corruption Blocked . | . . . Overload Shots . | . . . Overflow Damage . | . . . Projectiles . | . . . Explosions . | . . . Melee . | . . . Knockbacks 3 | . . 3 Impact . | . . . Kinetic 3 | . . 3 Secondary . | . . . Self-Inflicted Damage 87 | . 87 . Shots 2 | . 2 . Rammed . | . . . Targets Rammed 10 | . 8 2 Kicked 10 | . 8 2 Crushed . | . . . Highest Temperature 280 | . 280 137 Average Temperature 56 | . 55 69 Received Heat Transfer 261 | . 261 . Effects 3 | . 3 . Energy Bleed 1 | . 1 . Interference 2 | . 2 . Siege Activations . | . . . Martial Activations . | . . . Shielding Activations . | . . . Robots Disrupted . | . . . Combat Hostiles . | . . . Robots Corrupted . | . . . Combat Hostiles . | . . . Parts Fried 1 | . 1 . Impact Corruptions . | . . . Robots Melted . | . . . Combat Hostiles . | . . . Parts Melted . | . . . Heat Transferred 1030 | . 956 74 Parts Sabotaged . | . . . Parts Stolen . | . . . Parts Stripped . | . . . Power Chain Reactions 3 | . 3 . Alert | -11 -10 -10 ------- Run | Yrd Mat Min Maximum Alert Level . | . . . Low Security (%) 100 | 100 100 100 Level 1 . | . . . Level 2 . | . . . Level 3 . | . . . Level 4 . | . . . Level 5 . | . . . High Security . | . . . Max Security . | . . . Peak Influence 115 | . 115 7 Initial 7 | . . 7 Average 52 | . 59 2 Influence Increases 391 | . 391 . Destroy 0b10 Robot/C 200 | . 200 . Destroy 0b10 Robot/NC 45 | . 45 . Destroy Leader 48 | . 48 . Successful Hack 10 | . 10 . Disable Machine 30 | . 30 . Destroy Structure 13 | . 13 . Lose Combat Pursuer 45 | . 45 . Influence Decreases 391 | . 371 20 Entered New Map 13 | . . 13 Time Decay 368 | . 361 7 Lost Part 10 | . 10 . Squads Dispatched 1 | . 1 . Investigation . | . . . Extermination . | . . . Reinforcement 1 | . 1 . Assault . | . . . Garrison . | . . . Intercept . | . . . Searches Triggered . | . . . Construction Impeded . | . . . Haulers Reinforced . | . . . Active Scanning Responses . | . . . Cargo Convoy Interrupts . | . . . Stealth | -11 -10 -10 --------- Run | Yrd Mat Min Distress Signals 3 | . 3 . Communications Jammed . | . . . Distress Signals . | . . . Times Spotted 52 | . 26 26 Peak Tracking Total 20 | . 4 20 Tactical Retreats 4 | . 2 2 Traps | -11 -10 -10 ------- Run | Yrd Mat Min Traps Triggered . | . . . Indirectly . | . . . Trap Hack Attempts . | . . . Triggered . | . . . Disarmed . | . . . Reprogrammed . | . . . Reused . | . . . Traps Extracted . | . . . Installed . | . . . Triggered . | . . . Machines | -11 -10 -10 ---------- Run | Yrd Mat Min Machines Disabled 2 | . 2 . Max in Single Turn 1 | . 1 . Machines Repaired . | . . . Machines Dismantled . | . . . Machines Sabotaged . | . . . Overloaded Fab Kills . | . . . Hacking | -11 -10 -10 --------- Run | Yrd Mat Min Machines Accessed 3 | . 3 . Terminals 3 | . 3 . Fabricators . | . . . Repair Stations . | . . . Recycling Units . | . . . Scanalyzers . | . . . Garrison Access . | . . . Total Hacks 4 | . 4 . Successful 2 | . 2 . Failed 2 | . 2 . Catastrophic 1 | . 1 . Database Lockouts . | . . . Manual . | . . . Terminals 4 | . 4 . Fabricators . | . . . Repair Stations . | . . . Recycling Units . | . . . Scanalyzers . | . . . Garrison Access . | . . . Terminal Hacks 2 | . 2 . Prototype ID Bank 1 | . 1 . Branch Access Points 1 | . 1 . Fabricator Hacks . | . . . Repair Station Hacks . | . . . Recycling Unit Hacks . | . . . Scanalyzer . | . . . Garrison Access Hacks . | . . . Unauthorized Hacks . | . . . Terminals . | . . . Fabricators . | . . . Repair Stations . | . . . Recycling Units . | . . . Scanalyzers . | . . . Garrison Access . | . . . Data Cores Recovered 1 | . 1 . Used . | . . . Hacking Detections 2 | . 2 . Full Trace Events . | . . . Feedback Events . | . . . Feedback Blocked . | . . . Robot Schematics Acquired . | . . . Robots Built . | . . . Authchips . | . . . Time . | . . . Total Robot Build Rating . | . . . Part Schematics Acquired . | . . . Parts Built . | . . . Authchips . | . . . Time . | . . . Total Part Build Rating . | . . . Part Studies Acquired . | . . . Parts Repaired . | . . . Time . | . . . Parts Recycled . | . . . Recycled Matter . | . . . Retrieved Matter . | . . . Retrieved Components . | . . . Parts Scanalyzed . | . . . Part Schematics Acquired . | . . . Parts Damaged . | . . . Bothacking | -11 -10 -10 ------------ Run | Yrd Mat Min Used RIF Installer . | . . . Robots Hacked . | . . . Non-combat . | . . . Combat . | . . . Robot Hacks Applied . | . . . Relay Couplers Released . | . . . Fabnet Peak Effective % . | . . . Robots Rewired . | . . . Allies Hacked . | . . . Hacks Repelled . | . . . Allies | -11 -10 -10 -------- Run | Yrd Mat Min Total Allies . | . . . Largest Group . | . . . Highest-Rated Group . | . . . Highest-Rated Ally . | . . . Total Orders . | . . . Ally Attacks . | . . . Total Damage . | . . . Kills . | . . . Allies Corrupted . | . . . Allies Melted . | . . . Intel | -11 -10 -10 ------- Run | Yrd Mat Min Active Infowar (turns) . | . . . Robot Analysis Total . | . . . Derelict Logs Recovered . | . . . Drone Launches . | . . . Drone Recoveries . | . . . Exploration | -11 -10 -10 ------------- Run | Yrd Mat Min Turns Passed 1089 | 78 964 47 Spaces Moved 624 | 51 552 21 Core 1 | 1 . . Treads . | . . . Legs 623 | 50 552 21 Wheels . | . . . Hover . | . . . Flight . | . . . Fastest Speed 50 | 50 120 120 Average Speed 121 | 125 121 120 Slowest Speed 260 | 190 260 120 Overloaded Moves . | . . . Propulsion Burnouts . | . . . Robots Hopped . | . . . Potential Cave-ins . | . . . Cave-ins Triggered . | . . . Exploration Rate (%) 33 | 3 85 11 Regions Visited 2 Branch Regions 1 Pre-discovered Areas . | . . . Known Exits Taken 1 | . 1 . Unknown Exits Taken 1 | 1 . . Scrap Searched . | . . . Spaces Dug . | . . . Terrain Destroyed 11 | . 11 . Melee . | . . . Projectile . | . . . AOE 11 | . 11 . Terrain Rammed . | . . . Walls Destroyed . | . . . Machines Disabled . | . . . Actions | -11 -10 -10 --------- Run | Yrd Mat Min Total 829 | 62 735 32 Wait 53 | . 53 . Move 622 | 50 551 21 Hop . | . . . Pick Up 24 | 6 18 . Fast Attach 11 | 6 5 . Attach 4 | . 2 2 Detach 3 | . 2 1 Swap 16 | . 15 1 Drop 24 | . 24 . Fire 62 | . 57 5 Melee . | . . . Ram . | . . . Kick 10 | . 8 2 Crush . | . . . Escape Stasis . | . . . Rewire . | . . . Trap . | . . . Miscellaneous . | . . . Route ------- -11/Scrapyard -10/Materials (discovered 5 exits: [*Mat x3] / *Min x2) -10/Mines History --------- Turn | Location | Event 34 | -11/Scrapyard | Discovered new exit (range 15) 79 | -11/Scrapyard | Entered Materials 313 | -10/Materials | Build established: Mutant 321 | -10/Materials | Discovered new exit (range 16) 690 | -10/Materials | Discovered new exit (range 15) 731 | -10/Materials | Identified exit to Mines 834 | -10/Materials | Discovered new exit (range 16) 870 | -10/Materials | Build established: Scavenger-Mutant 992 | -10/Materials | Discovered new exit (range 16) 1043 | -10/Materials | Entered Mines 1044 | -10/Mines | Assembled infested the area 1075 | -10/Mines | Core integrity fell below 50% 1085 | -10/Mines | Core integrity fell below 20% 1090 | -10/Mines | Destroyed by as-17865 with Assembled Blade Last Messages --------------- 01055_ Kicked K-01 Serf. 01058_ K-01 Serf destroyed. 01064_ Kicked as-65382 out of the way. 01066_ T-07 Excavator destroyed. 01072_ EM Pulse Gun destroyed. 01074_ Discarded Hacking Suite. 01078_ as-05846 destroyed. 01080_ T-07 Excavator destroyed. 01080_ as-16466 destroyed. 01081_ as-43833 knocked back. 01082_ Aluminum Leg destroyed. 01084_ as-43833 knocked back. 01085_ Ion Engine destroyed. 01087_ as-43833 destroyed. 01087_ as-44624 knocked back. 01088_ Lgt. Armor Plating destroyed. 01089_ Aluminum Leg destroyed. 01089_ System corrupted by crushing effect (+1). 01089_ Knocked back. 01089_ as-07021 destroyed. Map ----- +----------------------------------------------------+ | ???????????????????????????????? | | ???????????????????????????????? | | ???????????????????????????????? | | ???????????????????????????????? | | ???????????????????????????????? | | ???????????????????????????????? | | ???????????????????????????????? | | ????????????????????? ???????? | | ????????????????????# ???????? | | ????????????????????# ???????? | | ????????????????????# ???????? | | ????????????????????# ???????? | | ???????????????????# dd ???????? | | ???????????????????# ???????? | | ???????????????????? ???????? | | ???????????????????? % ???????? | | ????????????????????#|= #??????? | | ???????????????????##%= ##?????? | | ??????????????????##!== #?????? | | ?????? #######???## a a##????? | | ?????? "#### aa ##???? | | ?????? %a %##??? | | ?????? a #??? | | ?????? ### %###aa #??? | | ????????? ????#* #?##a #??? | | ????????? #???##%=#??#@ #??? | | ?????????? #???# #??# #??? | | ??????????# #???# ###??# #?? | | ??????????# #???# #????# #? | | ??????????# #??## ###### #? | | ??????????# ####% ### ##? | | ??????????# #??####?? | | ??????????####### #???????? | | ????????????????# #???????? | | ????????????????########???????? | | ???????????????????????????????? | | ???????????????????????????????? | | | | | | | | | | | | | | | | | | | | | | | | | | | +----------------------------------------------------+ Best States ------------- Heat Dissipation 25 Energy Generation 10 Energy Capacity 250 Matter Stores 300 Matter Capacity 300 Sight Range 16 Terrain Scan Density 10 Armor Coverage 150 Evasion (%) 55 Offensive Hacking 10 Item Schematics ----------------- None Robot Schematics ------------------ None Fabricated ------------ Nothing Repaired ---------- Nothing Studied --------- None Alien Tech Used ----------------- None Achievements -------------- Hunted Challenges ------------ None Game ------ Seed ChaosCouplerJammer Manual? 0 Play Time 00:18:19 Cumulative 35.8 hours Start 2026.08.30 @ 19:34:26 End 2026.08.30 @ 19:52:32 Sessions 1 Manual Loads 0 Difficulty Rogue Special Mode None Game No. 37 Rogue 37 Adventurer 0 Explorer 0 Win Type - Total 0 Types 0/0/0/0/0/0/0/0/0/0 Lore% 15 Gallery% 20 Achievement% 16 Wizard Run 0 Options --------- Layout 1 ASCII 0 Keyboard 1 Movement Numpad Keybinds 0 Fullscreen 1 Font 24/Smallcaps Map View 50x35 Zoom Use 0% Tactical HUD 1 Map Filters NONE Filters NONE Steam 1 RUN: 42af9824-98ca-403f-99fa-0223e75c06ad